[Event "*** Titled Tuesday 3|2 Blitz"]
[Site "Chess.com"]
[Date "2015.10.06"]
[Round "7"]
[White "IMRosen"]
[Black "GeorgMeier"]
[Result "1-0"]
[WhiteElo "2254"]
[BlackElo "2599"]
[TimeControl "180+2"]
[EndTime "12:31:28 PDT"]
[Termination "IMRosen won by resignation"]

1. c4 b6 2. Nc3 Bb7 3. e4 e5 4. Nf3 Nc6 5. a3 a5 6. d4 exd4 7. Nxd4 Bc5 8. Be3 Nge7 9. Be2 O-O 10. O-O Nxd4 11. Bxd4 Nc6 12. Bxc5 bxc5 13. Bd3 d6 14. Qh5 Rb8 15. f4 Nd4 16. Rae1 Bc6 17. Rf2 Be8 18. Nd5 Rb3 19. Re3 f6 20. Qh4 Bg6 21. Rh3 Rxd3 22. Rxd3 Bxe4 23. Re3 Re8 24. Qh3 c6 25. Nc3 Bf5 26.
Qg3 h6 27. h3 Kh7 28. Rf1 Bg6 29. Rfe1 Rxe3 30. Qxe3 Qb6 31. Qf2 Qb3 32. Ne4 Qxc4 33. Nxd6 Qd5 34. f5 Bh5 35. Ne4 Bf7 36. Ng3 Qd6 37.
Ne4 Qd5 38. Ng3 a4 39. Qf4 Qd8 40. Kh2 Bd5 41. Qg4 Bf7 42. Qf4 Kg8 43. Rc1 Qe7 44. Rf1 Kh7 45. h4 Bd5 46. Rc1 Kh8 47. Nh5 Qf7 48. Ng3 Qe7 49. Rf1 Bf7 50. Rf2 Kh7 51.
Rd2 Bd5 52. Qg4 Bf7 53. Qf4 Bd5 54. Rf2 Qe8 55. Qg4 Qe5 56. Qg6+ Kg8 57. Kh3 Bf7 58. Qg4 Bd5 59. Qf4 Qe7 60. Kh2 Kh7 61. Nh5 Bf7 62. Ng3 Qd8 63. Rd2 Qe7 64. Rd3 Bd5 65.
Re3 Qd8 66. Qg4 Bf7 67. Nh5 Qf8 68. Nf4 Bc4 69. Qg6+ Kg8 70. Re8 1-0

[Event "*** Titled Tuesday 3|2 Blitz"]
[Site "Chess.com"]
[Date "2015.10.06"]
[Round "7"]
[White "ChessTrener"]
[Black "Keranke"]
[Result "1/2-1/2"]
[WhiteElo "2486"]
[BlackElo "2578"]
[TimeControl "180+2"]
[EndTime "12:31:47 PDT"]
[Termination "Game drawn by agreement"]

1. d4 g6 2. e4 Bg7 3. Nc3 d6 4. Bg5 a6 5. Nf3 b5 6. a4 b4 7. Ne2 Bb7 8. Ng3 Nd7 9. Bc4 c5 10. O-O cxd4 11. Nxd4 Ngf6 12. Qe2 O-O 13. Rad1 Qa5 14. Bc1 Qxa4 15. f4 Qa5 16. Kh1 Rac8 17.
b3 d5 18. exd5 Nxd5 19. Bxd5 Qxd5 20. Ndf5 Qxg2+ 21. Qxg2 Bxg2+ 22. Kxg2 gxf5 23. Rxd7 Rxc2+ 24. Rd2 Rfc8 25. Nxf5 Bf6 26. Rxc2 Rxc2+ 27. Kf3 Rc3+ 28. Be3 Rxb3 29. Ke4 a5 30. Rd1 e6 31. Rg1+ Kh8 32.
Nd6 h5 33. Nxf7+ Kh7 34. Ng5+ Kh8 35. Nxe6 a4 36. Bd4 Bxd4 37. Nxd4 Rb2 38. h4 a3 39.
Ra1 Kg7 40. Ke5 Kf7 41. f5 a2 42. f6 b3 43. Rg1 Rg2 44. Rxg2 a1=Q 45. Rg7+ Kf8 46.
Kd5 Qa5+ 47. Ke4 Qe1+ 48. Kd5 b2 49. Ne6+ Qxe6+ 50. Kxe6 b1=Q 51. Rf7+ Ke8 52. Re7+ Kf8 53. Rf7+ Kg8 54. Rg7+ Kh8 55. Rg5 Qe4+ 56. Kf7 Qxh4 57. Kg6 Kg8 58. Rxh5 Qe4+ 59. Rf5 Kf8 60. f7 Qe6+ 61.
Kg5 Qe3+ 62. Kg6 Qe4 63. Kg5 1/2-1/2

[Event "*** Titled Tuesday 3|2 Blitz"]
[Site "Chess.com"]
[Date "2015.10.06"]
[Round "7"]
[White "jup1978"]
[Black "gumersindo"]
[Result "0-1"]
[WhiteElo "2293"]
[BlackElo "2167"]
[TimeControl "180+2"]
[EndTime "12:31:52 PDT"]
[Termination "gumersindo won by resignation"]

1. e4 c6 2. d4 d5 3. Nd2 dxe4 4. Nxe4 Bf5 5. Ng3 Bg6 6. N1e2 e6 7. Nf4 Bd6 8. c3 Qc7 9. Qf3 Nf6 10. Bc4 Nbd7 11. O-O O-O 12. Nxg6 hxg6 13. Bb3 c5 14. Be3 e5 15.
dxe5 Nxe5 16. Qe2 c4 17. Bc2 b5 18. Bd4 Rae8 19. Rfe1 Nd3 20. Bxd3 Rxe2 21. Bxe2 Re8 22. Bf3 Rxe1+ 23. Rxe1 Bc5 24. Bxc5 Qxc5 25. Ne4 Nxe4 26. Rxe4 g5 27. g3 g6 28. h3 Kg7 29. Kg2 a6 30. Rd4 Qf5 31. Be4 Qe5 32. Bf3 Qe1 33. Rd1 Qe7 34. a3 a5 35. Rd5 b4 36. axb4 axb4 37.
Rd4 bxc3 38. bxc3 Qe5 39. Rxc4 f5 40. Rc6 g4 41. hxg4 fxg4 42. Bxg4 Kh6 43. Bf3 Kg7 44. c4 g5 45. Bd5 g4 46. Re6 Qf5 47. Re7+ Kh6 48.
Rf7 Qg5 49. Be4 Qe5 50. Bd5 Kg5 51. Rf4 Qe7 52. Re4 Qf6 53. Re6 Qd4 54. Re3 Qf6 55. Be4 Qd4 56. Bd5 Qf6 57. Be6 Qd4 58. Kf1 Qd1+ 59. Kg2 Qd4 60. Bg8 Kf5 61. Bh7+ Kg5 62.
Bd3 Qd6 63. Be2 Qd4 64. Re8 Kf6 65. Rf8+ Ke7 66. Rf4 Qe5 67. Bxg4 Qc5 68. Bf3 Kd6 69. Rf6+ Ke5 70. Rf4 Qa3 71. Re4+ Kf5 72. Re3 Qc5 73. Rd3 Qxc4 74. Rd5+ Ke6 75. g4 Qf4 76. Rf5 Qd4 77. Rh5 Kf6 78. Kg3 Qd6+ 79. Kg2 Qd4 80. Rh6+ Kg5 81. Rh5+ Kf6 82. Rf5+ Kg6 83. Bd5 Qxg4+ 0-1

[Event "*** Titled Tuesday 3|2 Blitz"]
[Site "Chess.com"]
[Date "2015.10.06"]
[Round "7"]
[White "LADIESGET2KNOWME"]
[Black "Iball95"]
[Result "1/2-1/2"]
[WhiteElo "2272"]
[BlackElo "2348"]
[TimeControl "180+2"]
[EndTime "12:32:10 PDT"]
[Termination "Game drawn - insufficient material"]

1. d4 Nf6 2. Nf3 e6 3. c4 c5 4. d5 b5 5. dxe6 fxe6 6. cxb5 a6 7. bxa6 Nc6 8. g3 d5 9. Bg2 Bd6 10. O-O O-O 11. Nbd2 Bxa6 12. Re1 Ng4 13. e4 d4 14. h3 Nge5 15. Nxe5 Nxe5 16. f4 Nd3 17.
e5 Be7 18. Bxa8 Qxa8 19. Nf3 Nxe1 20. Nxe1 Qd5 21. Qf3 Qd7 22. b3 Bb7 23. Qf2 c4 24. bxc4 Qc6 25. Qg2 Qb6 26. Qf2 Bc5 27. Nd3 Qc6 28. Kf1 Qh1+ 29. Ke2 Qe4+ 30. Kd2 Bb6 31. Ba3 Rc8 32. Rb1 Ba5+ 33. Bb4 Bd8 34. Bc5 Rxc5 35. Nxc5 Qxb1 36. Nxb7 Qxb7 37. Qxd4 Ba5+ 38. Ke3 Qc6 39. Qe4 Bb6+ 40. Kf3 Qd7 41. h4 Qd1+ 42. Qe2 Qh1+ 43.
Kg4 Qc6 44. Qd3 Qe8 45. h5 Bc5 46. a4 Qxa4 47. Qd8+ Bf8 48. h6 gxh6 49. Qc7 Qe8 50. c5 Qg6+ 51. Kf3 Qd3+ 52. Kg4 h5+ 53. Kxh5 Qxg3 54. Qd7 Qg6+ 55. Kh4 Qf5 56. Kg3 Bh6 57. Qe8+ Bf8 58. c6 Qd3+ 59. Kg4 Qf5+ 60. Kf3 Qd3+ 61. Kg4 Qc4 62. c7 Qxc7 63. Qxe6+ Kg7 64. Qf6+ Kg8 65. Qe6+ Kh8 66. f5 Qg7+ 67. Kf3 Qb7+ 68. Kg4 Qb4+ 69. Kh5 Qb7 70. Qf6+ Kg8 71. Qe6+ Kg7 72.
Qf6+ Kg8 73. Qe6+ Kh8 74. Qf6+ Kg8 75. Qe6+ Qf7+ 76. Qxf7+ Kxf7 77. Kg5 Be7+ 78. f6 Bxf6+ 79. exf6 h5 80. Kxh5 Kxf6 1/2-1/2

[Event "*** Titled Tuesday 3|2 Blitz"]
[Site "Chess.com"]
[Date "2015.10.06"]
[Round "7"]
[White "alexsuper1987"]
[Black "Bab3s"]
[Result "1-0"]
[WhiteElo "2187"]
[BlackElo "2110"]
[TimeControl "180+2"]
[EndTime "12:33:24 PDT"]
[Termination "alexsuper1987 won by checkmate"]

1. e4 e5 2. d4 exd4 3. Nf3 Nc6 4. c3 dxc3 5. Nxc3 d6 6. Bc4 Nf6 7. Ng5 Ne5 8. Bb3 h6 9. f4 hxg5 10. fxe5 Ng4 11. e6 Ne5 12. exf7+ Nxf7 13. Bxf7+ Kxf7 14. O-O+ Kg8 15. Qd5+ Kh7 16. Bxg5 Be7 17. Bxe7 Qxe7 18. Rf7 Qe5 19. Rxc7 Be6 20. Qxe5 dxe5 21. Rxb7 Rhd8 22. Rd1 Rxd1+ 23. Nxd1 Rc8 24. Nc3 a6 25. Kf2 Rd8 26.
Ke3 Rd6 27. h3 Kg6 28. g4 Kf6 29. h4 Bf7 30. g5+ Ke6 31. Nd5 Rc6 32. Re7+ Kd6 33. Rxf7 Rc2 34. Rb7 Rh2 35. Rxg7 Rxh4 36. Rg6+ Kc5 37.
Rxa6 Rh3+ 38. Ke2 Rh2+ 39. Kf3 Rxb2 40. g6 Rb1 41. g7 Rg1 42. Ra7 Kd4 43. Nf6 Rg6 44.
g8=N Rg1 45. Rd7+ Kc4 46. Ng4 Ra1 47. Rd2 Rf1+ 48. Nf2 Ra1 49. Nf6 Rb1 50. Nd5 Ra1 51. Ne3+ Kc5 52. Neg4 Rb1 53. Nxe5 Kb5 54. Nd7 Ka4 55. e5 Ka5 56. e6 Ka4 57. e7 Re1 58.
Re2 Rc1 59. e8=B Rc3+ 60. Re3 Rc4 61. Nb6+ Kb4 62. Nxc4 Kxc4 63. a4 Kc5 64. a5 Kd6 65.
Ra3 Kc7 66. Bb5 Kb8 67. Ke4 Ka7 68. Kd5 Kb8 69. Kc5 Ka7 70. Ne4 Kb8 71. Nd6 Ka7 72.
Nc4 Kb8 73. Rh3 Ka7 74. Rh6 Kb8 75. Kb6 Kc8 76. a6 Kd8 77. a7 Ke7 78. Rc6 Kf7 79.
Kc7 Ke7 80. a8=R Kf7 81. Kd7 Kg7 82. Ke7 Kh7 83. Rh8+ Kxh8 84. Kf7 Kh7 85. Rh6+ Kxh6 86. Kf6 Kh5 87. Ne3 Kh4 88. Kf5 Kh5 89. Bf1 Kh6 90. Be2 Kh7 91. Nd5 Kh8 92. Kf6 Kg8 93. Ne7+ Kh8 94.
Ng6+ Kg8 95. Bc4+ Kh7 96. Bf7 Kh6 97. Bg8 Kh5 98. Ne5 Kh6 99. Ng4+ Kh5 100. Kf5 Kh4 101. Kf4 Kh5 102. Bf7+ Kh4 103. Bg6 Kh3 104. Ne3 Kh4 105.
Ng2+ Kh3 106. Kf3 Kh2 107. Bf5 Kg1 108. Ne3 Kh2 109.
Kf2 Kh1 110. Be6 Kh2 111. Nf1+ Kh1 112. Bd5# 1-0

[Event "*** Titled Tuesday 3|2 Blitz"]
[Site "Chess.com"]
[Date "2015.10.06"]
[Round "8"]
[White "Dlugy"]
[Black "facu57"]
[Result "0-1"]
[WhiteElo "2548"]
[BlackElo "2506"]
[TimeControl "180+2"]
[EndTime "12:36:34 PDT"]
[Termination "facu57 won by checkmate"]

1. d4 Nf6 2. Bf4 g6 3. Nc3 d5 4.
Qd2 c6 5. f3 Bg7 6. Bh6 Bxh6 7.
Qxh6 Qa5 8. O-O-O b5 9. e4 b4 10.
Nb1 Qxa2 11. e5 Nfd7 12. Qg7 Rf8 13. Qxh7 Nb6 14. b3 a5 15. Bd3 a4 16. bxa4 b3 17. Ne2 Nc4 18. Bxc4 Qxc2# 0-1

[Event "*** Titled Tuesday 3|2 Blitz"]
[Site "Chess.com"]
[Date "2015.10.06"]
[Round "8"]
[White "bugsbunny444"]
[Black "Viaje"]
[Result "1-0"]
[WhiteElo "2297"]
[BlackElo "2193"]
[TimeControl "180+2"]
[EndTime "12:37:10 PDT"]
[Termination "bugsbunny444 won by resignation"]

1. Nf3 c5 2. c4 Nc6 3. d4 cxd4 4.
Nxd4 Qb6 5. Nb3 e6 6. a3 Nf6 7.
Nc3 Be7 8. e4 O-O 9. Be2 a6 10.
O-O d6 11. Be3 Qc7 12. Rc1 b6 13. Nd5 exd5 14. cxd5 Qd8 15. Rxc6 Nd7 16. Rc1 Bb7 17. Nd4 Rc8 18. Nc6 Bxc6 19. dxc6 Ne5 20. f4 Nxc6 21. Bxa6 1-0

[Event "*** Titled Tuesday 3|2 Blitz"]
[Site "Chess.com"]
[Date "2015.10.06"]
[Round "8"]
[White "gumersindo"]
[Black "Arashy_CC"]
[Result "0-1"]
[WhiteElo "2163"]
[BlackElo "2364"]
[TimeControl "180+2"]
[EndTime "12:38:32 PDT"]
[Termination "Arashy_CC won by resignation"]

1. d4 g6 2. c4 Bg7 3. Nf3 Nf6 4.
Nc3 O-O 5. e4 d6 6. Be2 e5 7.
O-O Qe8 8. d5 Nh5 9. Re1 a5 10.
Be3 Na6 11. a3 Bd7 12. b3 f5 13. Bc1 Nc5 14. Nd2 Nf4 15. Bf1 Bh6 16. Nf3 fxe4 17. Nxe4 Nxe4 18. Rxe4 Bg4 19. Be2 Nxe2+ 20. Qxe2 Bxf3 0-1

[Event "*** Titled Tuesday 3|2 Blitz"]
[Site "Chess.com"]
[Date "2015.10.06"]
[Round "8"]
[White "Canonkasparov"]
[Black "Konavets"]
[Result "1-0"]
[WhiteElo "2408"]
[BlackElo "2517"]
[TimeControl "180+2"]
[EndTime "12:38:35 PDT"]
[Termination "Canonkasparov won by resignation"]

1. d4 b5 2. Nf3 Bb7 3. Bf4 e6 4. Nbd2 Be7 5. e3 a6 6. Bd3 g5 7. Be5 f6 8. Nxg5 Kf8 9. Qh5 Qe8 10. Nxh7+ Rxh7 11. Qxh7 fxe5 12. Bg6 Nc6 13. Bxe8 Rxe8 14. c3 Bf6 15. Nf3 Re7 16. Qh3 e4 17. Nd2 d5 18.
O-O Bg5 19. f4 Bf6 20. a4 b4 21. c4 Nd8 22. Rac1 c6 23. Nb3 dxc4 24. Rxc4 Bc8 25.
Nc5 Rg7 26. Rxb4 Ne7 27. Rb8 Kg8 28. Rxc8 Nxc8 29. Nxe6 Rh7 30. Qg4+ 1-0

[Event "*** Titled Tuesday 3|2 Blitz"]
[Site "Chess.com"]
[Date "2015.10.06"]
[Round "8"]
[White "Iball95"]
[Black "stefanodinn"]
[Result "1-0"]
[WhiteElo "2352"]
[BlackElo "2132"]
[TimeControl "180+2"]
[EndTime "12:38:40 PDT"]
[Termination "Iball95 won by resignation"]

1. e4 c5 2. Nf3 d6 3. d4 cxd4 4. Qxd4 Nf6 5. Bb5+ Bd7 6. c4 a6 7. Bxd7+ Nbxd7 8. O-O g6 9. Nc3 Bg7 10. Be3 O-O 11.
Qd2 Rc8 12. b3 Qa5 13. Rac1 Rfd8 14. h3 Nc5 15. Rfd1 Qa3 16. Nb1 1-0

[Event "*** Titled Tuesday 3|2 Blitz"]
[Site "Chess.com"]
[Date "2015.10.06"]
[Round "8"]
[White "kesarev"]
[Black "tac49"]
[Result "0-1"]
[WhiteElo "2204"]
[BlackElo "2475"]
[TimeControl "180+2"]
[EndTime "12:38:58 PDT"]
[Termination "tac49 won by resignation"]

1. Nf3 Nf6 2. c4 g6 3. Nc3 Bg7 4. e4 O-O 5. d4 d6 6. h3 e5 7. d5 Na6 8. Be3 Nh5 9. Nd2 Qe8 10. Be2 Nf4 11. Bf3 f5 12. Qc2 Nb4 13. Qb3 Nbd3+ 14. Kd1 Nxg2 15. Bxg2 f4 16. Kc2 fxe3 17. Kxd3 exd2 18.
Raf1 Bh6 19. Nb1 b5 20. Nxd2 bxc4+ 21. Nxc4 Ba6 22. Kc2 Rb8 23. Qc3 Qa4+ 24. b3 Qxa2+ 25. Qb2 0-1

[Event "*** Titled Tuesday 3|2 Blitz"]
[Site "Chess.com"]
[Date "2015.10.06"]
[Round "8"]
[White "dpopadic"]
[Black "metalbattler"]
[Result "1-0"]
[WhiteElo "2221"]
[BlackElo "1940"]
[TimeControl "180+2"]
[EndTime "12:39:04 PDT"]
[Termination "dpopadic won by resignation"]

1. e4 e5 2. Nf3 Nc6 3. Bb5 Nf6 4.
d3 Bc5 5. O-O d6 6. Be3 Bb6 7.
h3 O-O 8. Nbd2 Ne7 9. Re1 Bd7 10.
Bxd7 Qxd7 11. Nf1 Bxe3 12. Nxe3 Ng6 13. Nh2 d5 14. exd5 Nxd5 15. Nxd5 Qxd5 16. Qf3 c6 17. a3 f5 18. Re3 Rae8 19. Rae1 Qc5 20. Qd1 Qb6 21.
Qb1 Re6 22. Nf3 Rfe8 23. Qa2 Kh8 24. Ng5 R6e7 25. Nf7+ Kg8 26. Nxe5+ 1-0

[Event "*** Titled Tuesday 3|2 Blitz"]
[Site "Chess.com"]
[Date "2015.10.06"]
[Round "8"]
[White "Schemato"]
[Black "jup1978"]
[Result "1-0"]
[WhiteElo "2197"]
[BlackElo "2283"]
[TimeControl "180+2"]
[EndTime "12:39:07 PDT"]
[Termination "Schemato won by resignation"]

1. c4 e5 2. g3 Nf6 3. Bg2 c6 4. d4 Bb4+ 5. Bd2 Bxd2+ 6. Qxd2 d6 7. dxe5 dxe5 8. Qxd8+ Kxd8 9. Nf3 Nbd7 10. Nc3 Re8 11. Ng5 Re7 12. Rd1 Kc7 13. b3 h6 14. Nge4 Nxe4 15.
Nxe4 Nf8 16. Kd2 Bf5 17. e3 Rd8+ 18. Ke2 Rxd1 19. Rxd1 Bxe4 20. Bxe4 Rd7 21. Rxd7+ Nxd7 22. b4 b6 23. Bf5 Kd6 24. Bxd7 Kxd7 25. Kd3 Ke6 26.
e4 g6 27. c5 b5 28. Ke3 f5 29. exf5+ gxf5 30. f3 Kf6 31. h3 h5 32. g4 fxg4 33. fxg4 hxg4 34. hxg4 1-0

[Event "*** Titled Tuesday 3|2 Blitz"]
[Site "Chess.com"]
[Date "2015.10.06"]
[Round "8"]
[White "Baggio95"]
[Black "Er_is_geen_hoop_meer"]
[Result "0-1"]
[WhiteElo "2381"]
[BlackElo "2378"]
[TimeControl "180+2"]
[EndTime "12:39:08 PDT"]
[Termination "Er_is_geen_hoop_meer won by resignation"]

1. Nc3 c5 2. g3 h5 3. h4 Nh6 4. Nf3 Nc6 5. d3 d5 6. Bxh6 Rxh6 7. Bg2 d4 8. Ne4 Bf5 9. O-O Bxe4 10. dxe4 e5 11. Nd2 Bd6 12. a4 g5 13. Nf3 Be7 14. hxg5 Bxg5 15. Bh3 Qf6 16. c3 Ke7 17. cxd4 cxd4 18.
Qb3 Rb8 19. Qa3+ Ke8 20. Bf5 h4 21. g4 h3 22. Qc5 Bf4 23. a5 Ne7 24. Qc7 Rd8 25.
Kh1 Nxf5 26. gxf5 Qc6 27. Qxc6+ Rxc6 28. Rg1 Ke7 29. b4 Rc2 30. Rge1 Rg8 31. Ng1 Rc3 32. e3 dxe3 33. fxe3 Bxe3 34. Nxh3 Bd4 35. Kh2 Rh8 0-1

[Event "*** Titled Tuesday 3|2 Blitz"]
[Site "Chess.com"]
[Date "2015.10.06"]
[Round "8"]
[White "LyonBeast"]
[Black "GGuseinov"]
[Result "1-0"]
[WhiteElo "2706"]
[BlackElo "2521"]
[TimeControl "180+2"]
[EndTime "12:39:21 PDT"]
[Termination "LyonBeast won on time"]

1. e4 c5 2. Nf3 Nc6 3. c3 Nf6 4. e5 Nd5 5. Bc4 e6 6. d4 d6 7. O-O Be7 8. exd6 Qxd6 9. dxc5 Qxc5 10. Qe2 O-O 11. Rd1 Nf6 12. Bf4 Qh5 13. Nbd2 b6 14.
Ne5 Qxe2 15. Bxe2 Nxe5 16. Bxe5 Bb7 17. a4 Rfd8 18. a5 Bc6 19. Bc7 Rdc8 20. axb6 axb6 21. Bxb6 Rab8 22. Ba6 Rc7 23. Bxc7 1-0

[Event "*** Titled Tuesday 3|2 Blitz"]
[Site "Chess.com"]
[Date "2015.10.06"]
[Round "8"]
[White "Badouuu"]
[Black "Chesster_30"]
[Result "1-0"]
[WhiteElo "1971"]
[BlackElo "1805"]
[TimeControl "180+2"]
[EndTime "12:39:26 PDT"]
[Termination "Badouuu won by resignation"]

1. e4 c5 2. Nf3 d6 3. Bb5+ Nd7 4. O-O a6 5. Bxd7+ Bxd7 6. d4 cxd4 7. Qxd4 e5 8. Qd1 h6 9. Nc3 Nf6 10. h3 Be7 11. Be3 Bc6 12. Qd3 O-O 13. Nh4 Nxe4 14.
Nxe4 Bxh4 15. Nxd6 Be7 16. Nf5 Bf6 17. Qxd8 Rfxd8 18. Rfd1 Be4 19. Nd6 Bxc2 20. Rd2 Ba4 21. Nxb7 Rxd2 22. Bxd2 Rb8 23. Nc5 Rxb2 24. Bc3 Rc2 25.
Nxa4 Kf8 26. a3 Ke8 27. Re1 Ra2 28. Bxe5 Bxe5 29. Rxe5+ Kd7 30. Re3 Ra1+ 31. Kh2 Ra2 32. Kg3 f6 33. Nc5+ Kc6 34. Nxa6 1-0

[Event "*** Titled Tuesday 3|2 Blitz"]
[Site "Chess.com"]
[Date "2015.10.06"]
[Round "8"]
[White "silverback96"]
[Black "pedromartinez91"]
[Result "0-1"]
[WhiteElo "1922"]
[BlackElo "2221"]
[TimeControl "180+2"]
[EndTime "12:39:35 PDT"]
[Termination "pedromartinez91 won by resignation"]

1. d4 d5 2. c4 dxc4 3. Nf3 Nf6 4. e3 e6 5. Bxc4 c5 6. Nc3 Nc6 7. O-O cxd4 8. exd4 Be7 9. Re1 O-O 10. Bb3 Na5 11.
Bc2 b6 12. Re3 Bb7 13. Ne5 Nc6 14. Nxc6 Bxc6 15. Rh3 g6 16. Bh6 Re8 17. Ne2 Qd5 18.
Nf4 Qb5 19. Qd2 Rad8 20. Qe3 Nd5 21. Qe5 Bf6 22. Qe1 Nxf4 23. Bxf4 Qd5 24. f3 Qxd4+ 25. Be3 Qxb2 26. Rc1 Bd4 27. Bxg6 h6 28. Bh7+ Kxh7 29. Rxh6+ Kg7 30. Qg3+ Kf8 31. Rf1 0-1

[Event "*** Titled Tuesday 3|2 Blitz"]
[Site "Chess.com"]
[Date "2015.10.06"]
[Round "8"]
[White "Ginger_GM"]
[Black "kikydu96"]
[Result "1-0"]
[WhiteElo "2457"]
[BlackElo "2286"]
[TimeControl "180+2"]
[EndTime "12:39:40 PDT"]
[Termination "Ginger_GM won by resignation"]

1. e4 e5 2. f4 exf4 3. Bc4 d5 4. Bxd5 Nf6 5. Nc3 Nxd5 6. Nxd5 Be6 7. Nxf4 Bc5 8. Nf3 O-O 9. d4 Bb6 10. Nxe6 fxe6 11. O-O e5 12. c3 Nc6 13. Be3 exd4 14.
cxd4 Qe7 15. Qb3+ Kh8 16. d5 Na5 17. Qd3 Bxe3+ 18. Qxe3 Nc4 19. Qd4 Nd6 20. Rae1 Nb5 21. Qd3 Qc5+ 22. Kh1 c6 23. a4 Nc7 24. d6 Ne6 25. e5 Rad8 26. Qb3 Nf4 27. e6 Rxd6 28.
e7 Re8 29. Qf7 Qh5 30. Qf8+ 1-0

[Event "*** Titled Tuesday 3|2 Blitz"]
[Site "Chess.com"]
[Date "2015.10.06"]
[Round "8"]
[White "JustKid"]
[Black "jcibarra"]
[Result "0-1"]
[WhiteElo "2128"]
[BlackElo "2485"]
[TimeControl "180+2"]
[EndTime "12:39:49 PDT"]
[Termination "jcibarra won by resignation"]

1. d4 Nf6 2. c4 d6 3. Nc3 e5 4. Nf3 e4 5. Ng5 Qe7 6. g3 h6 7. Nh3 c6 8. Bg2 Bf5 9. O-O Qd7 10.
Nf4 g5 11. f3 exf3 12. Rxf3 gxf4 13. Rxf4 Ng8 14. e4 Bg6 15. Qe2 Bg7 16. Be3 Ne7 17. h4 h5 18. Raf1 Na6 19. Kh2 Nc7 20. Bh3 Qd8 21.
Qf3 O-O 22. g4 Ne6 23. gxh5 Nxf4 24. Bxf4 Bxd4 25. hxg6 fxg6 26. Be6+ Kh7 27. Qg4 Rxf4 28. Rxf4 Be5 29. Ne2 Qf8 30. Kh3 Bxf4 31. Nxf4 Qh6 32.
h5 Rf8 33. Qh4 g5 0-1

[Event "*** Titled Tuesday 3|2 Blitz"]
[Site "Chess.com"]
[Date "2015.10.06"]
[Round "8"]
[White "Zvonokchess"]
[Black "AlexanderL"]
[Result "0-1"]
[WhiteElo "2542"]
[BlackElo "2558"]
[TimeControl "180+2"]
[EndTime "12:39:51 PDT"]
[Termination "AlexanderL won on time"]

1. Nf3 d5 2. g3 Nf6 3. Bg2 e6 4. O-O Be7 5. c4 O-O 6. b3 d4 7.
Bb2 c5 8. e3 Nc6 9. exd4 cxd4 10. Re1 a5 11. a3 Qb6 12. Ne5 Nd7 13. Nxd7 Bxd7 14. d3 f6 15. Nd2 e5 16. Ne4 f5 17. Nd2 Bf6 18. Rc1 Qc5 19. Bd5+ Kh8 20. Nf3 Rae8 21. Kg2 b6 22. Qd2 Qd6 23. b4 axb4 24. axb4 Qxb4 25. Qe2 e4 26. dxe4 d3 27. Qxd3 Qxb2 0-1

[Event "*** Titled Tuesday 3|2 Blitz"]
[Site "Chess.com"]
[Date "2015.10.06"]
[Round "8"]
[White "ItalianMachine"]
[Black "Moltini"]
[Result "0-1"]
[WhiteElo "2209"]
[BlackElo "2178"]
[TimeControl "180+2"]
[EndTime "12:40:41 PDT"]
[Termination "Moltini won by resignation"]

1. e4 c5 2. Nf3 d6 3. c3 Nf6 4. Bd3 Nc6 5. Bc2 g6 6. d4 cxd4 7. cxd4 Bg7 8. Nc3 O-O 9. h3 a6 10.
Bg5 b5 11. O-O Bb7 12. d5 Nb8 13. Qd2 Nbd7 14. Bh6 Rc8 15. Bxg7 Kxg7 16. a4 b4 17. Nd1 a5 18. Ne3 Ba6 19. Rfe1 Nc5 20. Qd4 Nd7 21.
Rac1 Qb6 22. b3 Rc3 23. Qd2 Rfc8 24. Nd4 Nc5 25. f3 Nd3 26. Nc6 Nxc1 27. Qxc1 e6 28.
Kh2 exd5 29. exd5 Re8 30. Ng4 Nxg4+ 31. hxg4 Rxe1 32. Qxe1 Rxc2 33. g5 Qf2 34. Qa1+ Rc3 35.
Nxa5 Bf1 0-1

[Event "*** Titled Tuesday 3|2 Blitz"]
[Site "Chess.com"]
[Date "2015.10.06"]
[Round "8"]
[White "PowerThinking2650"]
[Black "BakaPG"]
[Result "0-1"]
[WhiteElo "2084"]
[BlackElo "2493"]
[TimeControl "180+2"]
[EndTime "12:41:07 PDT"]
[Termination "BakaPG won by checkmate"]

1. e4 e6 2. d4 d5 3. Nd2 a6 4. c3 Nf6 5. e5 Nfd7 6. Bd3 c5 7.
Ne2 Nc6 8. f4 b5 9. Nf3 Qb6 10.
Be3 f5 11. Ng5 c4 12. Bc2 Ne7 13. O-O h6 14. Nf3 Nb8 15. h3 Nbc6 16. g4 g6 17. Ng3 Bd7 18. Kg2 O-O-O 19. b4 cxb3 20. axb3 Be8 21. Bd3 fxg4 22. hxg4 h5 23. Ng5 Na5 24. Nxe6 Qxe6 25. Rxa5 hxg4 26. Qa1 Kb7 27. f5 gxf5 28.
Nxf5 Nxf5 29. Bxf5 Qc6 30. Bd3 Be7 31. Rh1 Bg6 32.
Rxh8 Rxh8 33. Bxb5 Be4+ 34. Kg3 Bh4+ 35. Kxg4 Qg6+ 36.
Kh3 Qg3# 0-1

[Event "*** Titled Tuesday 3|2 Blitz"]
[Site "Chess.com"]
[Date "2015.10.06"]
[Round "8"]
[White "armago"]
[Black "GeorgMeier"]
[Result "0-1"]
[WhiteElo "2082"]
[BlackElo "2600"]
[TimeControl "180+2"]
[EndTime "12:41:08 PDT"]
[Termination "GeorgMeier won on time"]

1. d4 e6 2. c4 Nf6 3. Nc3 d5 4.
Nf3 Be7 5. Qc2 O-O 6. Bg5 Nbd7 7. Rd1 h6 8. Bxf6 Nxf6 9. e3 b6 10. cxd5 exd5 11. Bd3 Bb7 12. O-O c5 13. dxc5 bxc5 14. e4 d4 15. Na4 Rc8 16. b3 Nd7 17. Rfe1 Bd6 18. Nb2 Re8 19. Nc4 Bb8 20. Qd2 Nf8 21. Rc1 Ne6 22. g3 Qf6 23. Qe2 g5 24. h4 g4 25. Nh2 h5 26. e5 Qg7 27. Be4 Ba6 28. Bd3 Rcd8 29. Qe4 Nf8 30. Qf5 Qg6 31. Qf4 Qxd3 32.
Re4 Bb7 33. Qg5+ Ng6 34. Rf4 Rd7 35. Nxg4 hxg4 36. h5 Bxe5 37. hxg6 Qxg6 38. Rxg4 Qxg5 39. Rxg5+ Bg7 40. Na5 d3 0-1

[Event "*** Titled Tuesday 3|2 Blitz"]
[Site "Chess.com"]
[Date "2015.10.06"]
[Round "8"]
[White "Nutflush"]
[Black "Bab3s"]
[Result "1-0"]
[WhiteElo "1952"]
[BlackElo "2098"]
[TimeControl "180+2"]
[EndTime "12:41:11 PDT"]
[Termination "Nutflush won on time"]

1. e4 e5 2. Nf3 Nc6 3. Bc4 Bc5 4. c3 Nf6 5. d4 exd4 6. O-O dxc3 7. e5 Ng4 8. Bxf7+ Kxf7 9. Qd5+ Ke8 10. Qxc5 b6 11. Qxc3 Qe7 12. Bg5 Qe6 13. Nbd2 h6 14. Bf4 Rf8 15.
Bg3 h5 16. Rfe1 Bb7 17. Ne4 Kd8 18. Rad1 Kc8 19. Neg5 Qe7 20. Bh4 Qc5 21. e6 dxe6 22. Qxg7 Rd8 23. Nxe6 1-0

[Event "*** Titled Tuesday 3|2 Blitz"]
[Site "Chess.com"]
[Date "2015.10.06"]
[Round "8"]
[White "oggy1984"]
[Black "Haridaskesavan"]
[Result "1-0"]
[WhiteElo "2355"]
[BlackElo "2037"]
[TimeControl "180+2"]
[EndTime "12:41:25 PDT"]
[Termination "oggy1984 won by resignation"]

1. e4 e5 2. Nf3 Nc6 3. Bb5 a6 4.
Ba4 d6 5. O-O Ne7 6. c3 g6 7. h3 Bg7 8. d4 O-O 9. Re1 h6 10. d5 Nb8 11. c4 f5 12. exf5 gxf5 13. Bc2 Ng6 14. Nc3 Nd7 15. b3 Nf6 16. Rb1 Rf7 17.
c5 Bf8 18. b4 Rg7 19. cxd6 cxd6 20. b5 Bd7 21. bxa6 bxa6 22. Ne2 Rc8 23. Rb7 Nh5 24. Ng3 Nxg3 25. fxg3 Qa5 26. Bxh6 Rh7 27. Rxd7 Rxd7 28. Bxf5 Bxh6 29. Bxd7 Rc1 30. Be6+ Kg7 31. Qe2 Qc5+ 32. Kh2 Rc2 33. Qe4 Qf2 34. Nh4 Nf4 35. gxf4 Bxf4+ 36. Kh1 Qg3 37. Nf5+ 1-0

[Event "*** Titled Tuesday 3|2 Blitz"]
[Site "Chess.com"]
[Date "2015.10.06"]
[Round "8"]
[White "Rating-Schmating"]
[Black "ilmago"]
[Result "0-1"]
[WhiteElo "1957"]
[BlackElo "1854"]
[TimeControl "180+2"]
[EndTime "12:41:28 PDT"]
[Termination "ilmago won by checkmate"]

1. e4 c5 2. Nf3 d6 3. d4 cxd4 4. Nxd4 Nf6 5. Nc3 a6 6. Be3 e6 7. f3 Be7 8. Be2 b5 9. a3 Bb7 10. O-O Qc7 11. Qd2 Nc6 12. Rad1 Na5 13. Ndxb5 axb5 14. Nxb5 Qc6 15. Nxd6+ Bxd6 16. Qxd6 Qxd6 17. Rxd6 Ke7 18.
Rfd1 Rhc8 19. b4 Nc4 20. Bxc4 Rxc4 21. Bc5 Ke8 22. Rb6 Bc8 23. Ra1 Nd7 24. Rc6 Rxc2 25.
a4 Nxc5 26. bxc5 Bd7 27. Rb6 Rxc5 28. Rb4 Rca5 29. Kf2 Rxa4 30. Rbxa4 Rxa4 31. Rc1 Ra2+ 32. Kg3 Ke7 33. h4 h5 34. Rc5 g6 35. e5 Rd2 36.
Rc3 Rd5 37. Re3 Bb5 38. Kf4 Rd4+ 39. Kg5 Bf1 40. g4 hxg4 41. fxg4 Bd3 42. h5 gxh5 43. gxh5 Bf5 44. Ra3 Rg4+ 45. Kh6 Rd4 46. Kg7 Rg4+ 47. Kh6 Re4 48. Ra7+ Ke8 49. Ra8+ Kd7 50. Ra7+ Kc6 51.
Rxf7 Rxe5 52. Kg7 Bg4 53. h6 Bf5 54. Ra7 Re1 55. Ra6+ Kd5 56. Ra5+ Ke4 57. Ra4+ Kf3 58. Ra3+ Kf4 59. Ra4+ Kg5 60. h7 Bxh7 61. Kxh7 e5 62. Kg7 e4 63. Ra5+ Kf4 64. Kf6 e3 65. Ra4+ Kf3 66.
Kf5 Rb1 67. Ra5 Kf2 68. Ra2+ e2 69. Kf4 Rb4+ 70. Kf5 Kf1 71. Ra3 e1=Q 72. Rf3+ Kg2 73.
Rf4 Rxf4+ 74. Kxf4 Qe6 75. Kg5 Kf3 76. Kh5 Qf5+ 77.
Kh4 Qg6 78. Kh3 Qh7# 0-1